 Dungeon Crawl Stone Soup version 0.27.0-1-g7a089689b8 (webtiles) character file.

Game seed: 2240595003841762427

0 H0rd4k the Caller (level 1, -3/13 HPs)
             Began as a Barachi Summoner on Aug 5, 2021.
             Slain by a gnoll (8 damage)
             ... on level 1 of the Dungeon.
             The game lasted 00:00:40 (115 turns).

H0rd4k the Caller (Barachi Summoner)                 Turns: 115, Time: 00:00:40

Health: -3/13      AC:  2    Str:  9    XL:     1   Next: 10%
Magic:  0/3        EV: 12    Int: 15    God:
Gold:   19         SH:  0    Dex: 12    Spells: 3/4 levels left

rFire    . . .     SeeInvis .   (no weapon)
rCold    . . .     Faith    .   (no shield)
rNeg     . . .     Spirit   .   a - +0 robe
rPois    .         Reflect  .   (no helmet)
rElec    .         Harm     .   (no cloak)
rCorr    .         Rampage  .   (no gloves)
Will     .....                  (no boots)
Stlth    ++........             (no amulet)
HPRegen  0.04/turn              (no ring)
MPRegen  0.08/turn              (no ring)

@: unable to hop, slow
A: amphibious, slowness 1, strong legs 1, +LOS
a: Hop


You were on level 1 of the Dungeon.
You visited 1 branch of the dungeon, and saw 1 of its levels.

You collected 19 gold pieces.

Inventory:

Armour
 a - a +0 robe (worn)


   Skills:
 + Level 2.1 Dodging
 - Level 1.7 Stealth
 * Level 2.1 Spellcasting
 * Level 4.8 Summonings


You had 3 spell levels left.
You knew the following spells:

 Your Spells              Type           Power      Damage    Failure   Level
a - Summon Small Mammal   Summ           64%        N/A       3%          1

Your spell library contained the following spells:

 Spells                   Type           Power      Damage    Failure   Level
 Call Imp                 Summ           16%        N/A       4%          2
 Call Canine Familiar     Summ           16%        N/A       9%          3
 Summon Guardian Golem    Hex/Summ       8%         N/A       24%         3
 Summon Lightning Spire   Summ/Air       8%         N/A       63%         4


Dungeon Overview and Level Annotations

Branches:
Dungeon (1/15)

Altars:


Innate Abilities, Weirdness & Mutations

You are amphibious.
You cover ground slowly.
You can hop short distances.
You have an extended range of vision and can be seen from far away.


Message History

Casting: Summon Small Mammal (safe; 3% risk of failure)
Confirm with . or Enter, or press ? or * to list all spells.
You don't have enough magic to cast this spell.
What are your orders? t - Croak!
Orders for allies: a - Attack new target. r - Retreat! s - Stop attacking. g - Guard the area. f - Follow me.
Anything else - Cancel.
Guard this area!
Your bat completely misses the gnoll.
Your bat hits the gnoll but does no damage. x2
Your quokka bites the gnoll but does no damage.
Your quokka bites the gnoll.
Your bat barely misses the gnoll.
Your quokka bites the gnoll but does no damage.
Your bat barely misses the gnoll.
The goblin closely misses your quokka.
Your bat hits the gnoll but does no damage.
Your bat closely misses the gnoll.
Your quokka bites the gnoll.
The gnoll barely misses your quokka.
Your quokka closely misses the gnoll.
The gnoll hits your quokka with a +0 spear!
Your quokka dies!
Your quokka's corpse disappears in a puff of smoke!
The gnoll shouts!
Casting: Summon Small Mammal (safe; 3% risk of failure)
Confirm with . or Enter, or press ? or * to list all spells.
What are your orders? t - Croak!
Orders for allies: a - Attack new target. r - Retreat! s - Stop attacking. g - Guard the area. f - Follow me.
Anything else - Cancel.
Guard this area!
The gnoll closely misses your quokka.
Your quokka bites the gnoll.
You see here a +0 hunting sling.
Casting: Summon Small Mammal (safe; 3% risk of failure)
Confirm with . or Enter, or press ? or * to list all spells.
The gnoll hits you from afar with a +0 spear!
Ouch! That really hurt!
You die...

#..#.# ##......##
##.##.####........##
##.####.............
#.♣#♣♣###.........#
#♣.♣..♣##........#
#♣...<♣#........#
#.♣#♣♣###.......# #.##
##..r...# ##.####
##.@....#
####.....###.......##
##....#....##..g.....##
#.......r#..#..g.......#
##........g..#..........#
.........###.#..........#
.#.......# #..#........##
.........# ##.........##
##.......# #.......###


You could see a gnoll (ally target), a goblin and a friendly quokka (summoned).

Vanquished Creatures (collateral kills)
  A bat (D:1)
1 creature vanquished.

Notes
Turn   | Place    | Note
-------+----------+-------------------------------------------
     0 | D:1      | H0rd4k the Barachi Summoner began the quest for the Orb.
     0 | D:1      | Reached XP level 1. HP: 13/13 MP: 3/3
   115 | D:1      | Slain by a gnoll

Illustrated notes

Levels and vault maps discovered:
D:1:      pf_arrival_petrified_forest, layout_rooms,
          shapermc_ecumenical_altar_petra

Action                   || total
-------------------------++-------
 Cast: Summon Small Mamm ||     7
 Abil: Hop               ||     1
Armor: Robe              ||     2
Dodge: Dodged            ||     6
